 Dungeon Crawl Stone Soup version 0.20.1-1-g8b1a95d (webtiles) character file.

1108 torrenera the Firebug (level 7, 0/50 HPs)
             Began as a Demigod Fire Elementalist on July 13, 2017.
             Slain by Dowan
             ... wielding a cursed -2 dagger
              (2 damage)
             ... on level 6 of the Dungeon.
             The game lasted 00:17:48 (6436 turns).

torrenera the Firebug (Demigod Fire Elementalist)   Turns: 6436, Time: 00:17:49

Health: 0/50       AC:  5    Str: 11    XL:     7   Next: 86%
Magic:  10/19      EV: 12    Int: 26    God:
Gold:   113        SH:  0    Dex: 16    Spells: 11/17 levels left

rFire    . . .     SeeInvis +   x - +0 scimitar (slice)
rCold    . . .     Gourm    .   (no shield)
rNeg     . . .     Faith    .   n - +0 leather armour
rPois    .         Spirit   .   q - +0 helmet {Int+3}
rElec    .         Reflect  .   G - scarf {repulsion}
rCorr    .         Harm     .   l - +0 pair of gloves
MR       .....                  (no boots)
Stlth    +.........             (no amulet)
Regen    0.2/turn               y - ring of see invisible
MPRegen  0.2/turn               (no ring)

@: glowing, repel missiles
A: high mp 1
a: no special abilities


You were on level 6 of the Dungeon.
You were very hungry.

You visited 1 branch of the dungeon, and saw 6 of its levels.
You also visited: Sewer.

You collected 377 gold pieces.
You spent 264 gold pieces at shops.

Inventory:

Hand Weapons
 x - a +0 scimitar of slicing (weapon)
 C - a cursed -3 blowgun
Missiles
 e - 217 stones (quivered)
Armour
 l - a +0 pair of gloves (worn)
 n - a +0 leather armour (worn)
 q - a +0 helmet of intelligence (worn)
 G - a scarf of repulsion (worn)
Magical Staves
 z - an uncursed staff of cold
Jewellery
 y - a ring of see invisible (left hand)
Wands
 k - a wand of disintegration (18/24)
 E - a wand of acid (8/15)
 H - a wand of random effects (26/48)
Scrolls
 a - 2 scrolls of fog {unknown}
 g - 6 scrolls of identify {unknown}
 i - a scroll of enchant armour {unknown}
 j - a scroll of amnesia {unknown}
 o - 4 scrolls of teleportation {unknown}
 p - a scroll of recharging {unknown}
 v - a scroll of noise {unknown}
 w - 2 scrolls of immolation {unknown}
 B - a scroll of random uselessness {unknown}
Potions
 d - 2 potions of might {unknown}
 f - 2 potions of curing {unknown}
 m - 2 potions of lignification {unknown}
 r - 2 potions of heal wounds {unknown}
 s - 3 potions of haste {unknown}
 D - a potion of berserk rage {unknown}
 F - 2 potions of brilliance {unknown}
Books
 b - a book of Flames

   Spells                             Type                      Level
   a - Flame Tongue                   Conjuration/Fire             1
   b - Throw Flame                    Conjuration/Fire             2
   c - Conjure Flame                  Conjuration/Fire             3
   d - Inner Flame                    Hexes/Fire                   3
   e - Sticky Flame                   Conjuration/Fire             4
   f - Fireball                       Conjuration/Fire             5
 t - a book of Minor Magic

   Spells                             Type                      Level
   a - Magic Dart                     Conjuration                  1
   b - Blink                          Translocation                2
   c - Call Imp                       Summoning                    2
   d - Slow                           Hexes                        2
   e - Conjure Flame                  Conjuration/Fire             3
   f - Mephitic Cloud                 Conjuration/Poison/Air       3
 I - a book of Geomancy

   Spells                             Type                      Level
   a - Sandblast                      Earth                        1
   b - Passwall                       Transmutation/Earth          2
   c - Stone Arrow                    Conjuration/Earth            3
   d - Petrify                        Transmutation/Earth          4
   e - Lee's Rapid Deconstruction     Earth                        5
Comestibles
 c - 5 bread rations
 h - 7 fruits
 u - a royal jelly
 A - a meat ration


   Skills:
 - Level 1.7 Dodging
 - Level 1.7 Stealth
 * Level 5.8 Spellcasting
 - Level 0.8 Conjurations
 * Level 6.8 Fire Magic


You had 11 spell levels left.
You knew the following spells:

 Your Spells              Type           Power        Failure   Level  Hunger
a - Flame Tongue          Conj/Fire      ####.        1%          1    None
b - Throw Flame           Conj/Fire      ####..       3%          2    None
c - Conjure Flame         Conj/Fire      ####....     6%          3    None


Dungeon Overview and Level Annotations

Branches:
Dungeon (6/15)             Temple (0/1) D:4

Shops:
D:4 **(*   D:5 (*==[

Annotations:
D:6 Dowan, Duvessa


Innate Abilities, Weirdness & Mutations

You have an increased reservoir of magic. (+10% MP)


Message History

Casting: Flame Tongue
Confirm with . or Enter, or press ? or * to list all spells.
Aiming: Flame Tongue
Press: ? - help, Shift-Dir - straight line, f/p - Duvessa
Aim: Duvessa, wielding a short sword and wearing a leather armour (severely wounded, fast)
The flame tongue hits Duvessa.
Duvessa appears unharmed.
Duvessa is severely wounded.
Duvessa hits you with a short sword!
* * * LOW HITPOINT WARNING * * *
Dowan closely misses you.
Casting: Flame Tongue
Confirm with . or Enter, or press ? or * to list all spells.
Aiming: Flame Tongue
Press: ? - help, Shift-Dir - straight line, f/p - Duvessa
Aim: Duvessa, wielding a short sword and wearing a leather armour (severely wounded, fast)
The flame tongue hits Duvessa.
Duvessa is almost dead.
Duvessa hits you but does no damage. Duvessa closely misses you.
Dowan hits you with a dagger.
You die...

#....#### #...#.#####...##.##
####....###...##..#..........#
#.##.#.....# #..........#
#..#...#...# #........#.
##........#### #...........
###.........# #.........##
#...##.##.###.........#
#......##.e#....#####.#
###.......@e.##.# ..
#......####.....# . #....###
...... ###### .....## ######


You could see Duvessa and Dowan.

Vanquished Creatures
  Eustachio (D:4)
  A sky beast (D:5)
  A phantom (D:4)
  A crocodile (Sewer)
  A bullfrog (D:5)
  A scorpion (D:5)
  A howler monkey (D:6)
  2 crimson imps
  A jelly (D:5)
  2 orc priests (D:4)
  2 orc wizards
  An iguana (D:5)
  3 worker ants (D:4)
  A hound zombie (D:6)
  6 gnolls
  5 adders
  An ooze (D:4)
  2 adder skeletons (D:4)
  4 worms
  5 leopard geckos
  8 orcs
  5 ball pythons
  5 giant cockroaches
  6 goblins
  9 hobgoblins
  5 jackals
  15 kobolds
  2 quokkas
  16 bats
  6 frilled lizards
  A leopard gecko skeleton (D:4)
  7 rats
127 creatures vanquished.

Notes
Turn   | Place    | Note
-------+----------+-------------------------------------------
     0 | D:1      | torrenera the Demigod Fire Elementalist began the quest for the Orb.
     0 | D:1      | Reached XP level 1. HP: 14/14 MP: 5/5
   129 | D:1      | Reached skill level 3 in Fire Magic
   435 | D:1      | Reached XP level 2. HP: 9/20 MP: 7/7
   606 | D:1      | Learned a level 2 spell: Throw Flame
  1272 | D:2      | Reached XP level 3. HP: 25/26 MP: 8/8
  1566 | D:2      | Reached skill level 4 in Fire Magic
  1786 | D:2      | Found a shimmering altar of Xom.
  2573 | D:3      | Reached XP level 4. HP: 26/33 MP: 5/10
  2695 | D:3      | Found a sacrificial altar of Ru.
  2847 | D:3      | Found a sparkling altar of Nemelex Xobeh.
  3297 | D:4      | Noticed Eustachio
  3393 | D:4      | Noticed a phantom
  3405 | D:4      | Killed a phantom
  3405 | D:4      | Reached XP level 5. HP: 36/38 MP: 6/13
  3461 | D:4      | Found a white marble altar of Elyvilon.
  3748 | D:3      | Learned a level 3 spell: Conjure Flame
  3784 | D:4      | Reached skill level 5 in Fire Magic
  3821 | D:4      | Found Puyps's Weapon Boutique.
  3831 | D:4      | Bought a +0 scimitar of slicing for 96 gold pieces
  3846 | D:4      | Found Ozoid's General Store.
  3995 | D:4      | Reached XP level 6. HP: 43/45 MP: 7/14
  4099 | D:4      | Found Boitwut's Assorted Antiques.
  4191 | D:4      | Found a staircase to the Ecumenical Temple.
  4260 | D:4      | Found Ethyifyr's Assorted Antiques.
  4548 | D:4      | Killed Eustachio
  4930 | D:4      | Reached XP level 7. HP: 31/50 MP: 17/17
  5151 | D:5      | Entered Level 5 of the Dungeon
  5188 | D:5      | Found a glowing drain.
  5217 | Sewer    | Entered a sewer
  5261 | Sewer    | Reached skill level 6 in Fire Magic
  5439 | D:5      | Reached skill level 5 in Spellcasting
  5626 | D:5      | Found Vuyvivos's Armour Shop.
  5632 | D:5      | Bought a scarf of repulsion for 168 gold pieces
  5673 | D:5      | Found Ozap's General Store.
  5819 | D:5      | Found Bodghyen's Antique Weapon Shoppe.
  5877 | D:5      | Found Wopuv's Jewellery Shop.
  6069 | D:5      | Found Diepo's Jewellery Boutique.
  6407 | D:6      | Noticed Dowan
  6422 | D:6      | Noticed Duvessa
  6435 | D:6      | HP: 2/50 [Duvessa/short sword (7)]
  6436 | D:6      | Slain by Dowan

Skill      XL: |  1  2  3  4  5  6  7 |
---------------+----------------------+-----
Fire Magic     | 3 4 5 6 |  6.8
Spellcasting   | 2 3 4 5 |  5.8
Dodging        | |  1.7
Stealth        | |  1.7
Conjurations   | |  0.8

Action                   |  1- 3 |  4- 6 |  7- 9 || total
-------------------------+-------+-------+-------++-------
Melee: Spear             |     8 |       |       ||     8
       Dagger            |    85 |    16 |       ||   101
       Rapier            |       |    11 |       ||    11
       Scimitar          |       |    41 |    75 ||   116
Throw: Stone             |    12 |     4 |     3 ||    19
 Cast: Flame Tongue      |    81 |    86 |    37 ||   204
       Conjure Flame     |       |       |     1 ||     1
       Throw Flame       |       |       |     1 ||     1
  Use: Scroll            |     1 |       |       ||     1
 Stab: Sleeping          |     4 |       |       ||     4
       Distracted        |       |     1 |       ||     1
  Eat: Chunk             |     6 |     7 |     4 ||    17
Armor: Robe              |    10 |       |       ||    10
       Leather armour    |    37 |    35 |    36 ||   108
Dodge: Dodged            |   121 |    81 |    73 ||   275
       Rpst.: Scimitar   |       |    10 |    17 ||    27
